 Dungeon Crawl Stone Soup version 0.31-a0-431-g88bdf31460 (webtiles) character file.

Game seed: 12022509278369872602

20849 cforsyth the Prestidigitator (level 12, -1/83 HPs)
             Began as a Gnoll Artificer on Aug 1, 2023.
             Was an Elder of Hepliaklqana.
             Slain by a very large slime creature (30 damage)
             ... on level 12 of the Dungeon.
             The game lasted 00:32:57 (13763 turns).

cforsyth the Prestidigitator (Gnoll Artificer)     Turns: 13763, Time: 00:32:58

Health: -1/83      AC: 16    Str: 22    XL:     12   Next: 83%
Magic:  22/23      EV: 14    Int: 15    God:    Hepliaklqana [****..]
Gold:   934        SH: 10    Dex: 14    Spells: 26/26 levels left

rFire   + . .        N - +5 short sword "Tol Otha" {spect, rPois}
rCold   . . .        M - +0 kite shield {reflect}
rNeg    . . .        X - +3 troll leather armour {Snorg}
rPois   +            u - +2 hat
rElec   .            Q - +1 cloak
rCorr   .            v - +2 pair of gloves
SInv    .            (no boots)
Will    .....        s - amulet of magic regeneration
Stlth   ++++         q - +6 ring of strength
HPRegen 1.13/turn    a - ring "Banian" {rF+ Str+5}
MPRegen 0.58/turn

%: reflection
@: no status effects
A: reduced essence, fangs 1, strong nose, distributed training
a: Renounce Religion, Recall Ancestor, Ancestor Identity, Transference, Idealise


You were on level 12 of the Dungeon.
You worshipped Hepliaklqana.
Hepliaklqana was greatly pleased with you.
You visited 1 branch of the dungeon, and saw 12 of its levels.
You also visited: Sewer, Ossuary and Bailey.

You collected 1009 gold pieces.
You spent 75 gold pieces at shops.

Inventory:

Hand Weapons
 J - a +2 mace of draining
 N - the +5 short sword "Tol Otha" (weapon) {spect, rPois}
   (You found it on level 7 of the Dungeon)

   rPois:     It protects you from poison.
Missiles
 C - 2 atropa-tipped darts
Armour
 c - +1 fire dragon scales
 u - a +2 hat (worn)
 v - a +2 pair of gloves (worn)
 M - a +0 kite shield of reflection (worn)
 Q - a +1 cloak (worn)
 U - the +1 ring mail of Zeateare {Will+ Str+2 Int+3 Dex-2}
   (You found it on level 9 of the Dungeon)

   Str:       It affects your strength (+2).
   Int:       It affects your intelligence (+3).
   Dex:       It affects your dexterity (-2).
   Will:      It increases your willpower.
 X - a +3 troll leather armour (worn) {Snorg}
Jewellery
 a - the ring "Banian" (right hand) {rF+ Str+5}
   (You found it on level 8 of the Dungeon)

   [ring of protection from fire]

   Str:       It affects your strength (+5).
   rF:        It protects you from fire.
 q - a +6 ring of strength (left hand)
 s - an amulet of magic regeneration (around neck)
 D - a ring of protection from fire
Talismans
 R - a storm talisman
Wands
 d - a wand of charming (13)
 e - a wand of iceblast (5)
 w - a wand of quicksilver (13)
 A - a wand of roots (8)
 G - a wand of paralysis (2)
 I - a wand of mindburst (10)
 T - a wand of digging (5)
 Y - a wand of flame (7)
Scrolls
 b - a scroll of identify
 f - a scroll of fog
 i - a scroll of silence {unknown}
 m - a scroll of poison {unknown}
 p - 2 scrolls of amnesia
 r - 5 scrolls of torment
 t - 4 scrolls of revelation
 y - a scroll of immolation
 K - 2 scrolls of teleportation
 L - a scroll of blinking
 O - 2 scrolls of enchant weapon {unknown}
 P - a scroll of enchant armour {unknown}
 V - a scroll of acquirement {unknown}
 W - a scroll of fear
Potions
 g - 4 potions of attraction
 h - 9 potions of curing
 j - 2 potions of berserk rage
 k - 6 potions of enlightenment
 l - 3 potions of cancellation
 n - a potion of magic
 o - 3 potions of brilliance
 x - 3 potions of mutation
 z - 4 potions of heal wounds
 B - 2 potions of might
 E - 4 potions of haste
 F - a potion of resistance
 H - a potion of invisibility
 S - a potion of ambrosia
 Z - a potion of lignification


   Skills:
 + Level 8.3 Fighting
 + Level 7.8 Short Blades
 + Level 7.8 Long Blades
 + Level 7.8 Axes
 + Level 7.8 Maces & Flails
 + Level 7.8 Polearms
 + Level 7.8 Staves
 + Level 7.8 Ranged Weapons
 + Level 7.8 Throwing
 + Level 9.1 Armour
 + Level 8.3 Dodging
 + Level 8.2 Stealth
 + Level 7.8 Shields
 + Level 7.8 Unarmed Combat
 + Level 7.8 Spellcasting
 + Level 6.5 Conjurations
 + Level 6.5 Hexes
 + Level 6.5 Summonings
 + Level 6.5 Necromancy
 + Level 6.5 Translocations
 + Level 6.5 Transmutations
 + Level 6.5 Fire Magic
 + Level 6.5 Ice Magic
 + Level 6.5 Air Magic
 + Level 6.5 Earth Magic
 + Level 6.5 Poison Magic
 + Level 8.5 Invocations
 + Level 10.2 Evocations
 + Level 6.5 Shapeshifting


You had 26 spell levels left.
You didn't know any spells.
Your spell library contained the following spells:

 Spells                   Type           Power      Damage    Failure   Level
 Slow                     Hex            100%       N/A       1%          1
 Confusing Touch          Hex            25%        N/A       5%          3
 Dazzling Flash           Conj/Hex       50%        N/A       5%          3
 Vampiric Draining        Necr           25%        2d7       5%          3
 Volatile Blastmotes      Fire/Tloc      50%        2d14      5%          3
 Anguish                  Hex/Necr       12%        N/A       19%         4
 Animate Dead             Necr           25%        N/A       19%         4
 Cause Fear               Hex            12%        N/A       19%         4
 Fulminant Prism          Conj/Hex       12%        3d8       19%         4
 Iskenderun's Mystic Bla  Conj/Tloc      25%        2d7       19%         4
 Leda's Liquefaction      Hex/Erth       12%        N/A       19%         4
 Borgnjor's Vile Clutch   Necr/Erth      12%        N/A       45%         5
 Fireball                 Conj/Fire      12%        3d7       45%         5
 Lee's Rapid Deconstruct  Erth           12%        3d9*      45%         5
 Death Channel            Necr           12%        N/A       96%         6
 Leda's Unmaking          Conj/Erth      12%        9d3       96%         6
 Starburst                Conj/Fire      12%        6d5       96%         6
 Enfeeble                 Hex            12%        N/A       100%        7
 Maxwell's Capacitive Co  Air            12%        ∞         100%        8
 Dragon's Call            Summ           12%        N/A       100%        9


Dungeon Overview and Level Annotations

Branches:
Dungeon (12/15)            Temple (0/1) D:4            Lair (0/5) D:10
    Orc (0/2) D:9           Sewer (visited)         Ossuary (visited)
 Bailey (visited)

Altars:
Fedhas
Gozag
Hepliaklqana
Okawaru
Ru
Uskayaw
Wu Jian
Yredelemnul
Zin
The Shining One

Shops:
D:4 *   D:6 (   D:11 !


Innate Abilities, Weirdness & Mutations

Your life essence is reduced to manifest your ancestor. (-10% HP)
You have very sharp teeth.
Your uncanny sense of smell can sniff out nearby items.
Your experience applies equally to all skills.


Message History

Izel hits the very large slime creature with a +0 quarterstaff!
The very large slime creature attacks as you move away!
You block the very large slime creature's attack.
Izel hits the very large slime creature with a +0 quarterstaff!!
The very large slime creature attacks as you move away!
The very large slime creature closely misses you.
Izel barely misses the slime creature.
The very large slime creature attacks as you move away!
You block the very large slime creature's attack.
The very large slime creature attacks as you move away!
You block the very large slime creature's attack.
The very large slime creature attacks as you move away!
The very large slime creature barely misses you.
The very large slime creature attacks as you move away!
The very large slime creature hits you!!!
Izel casts a spell at the very large slime creature.
The puff of frost hits the very large slime creature!
The very large slime creature attacks as you move away!
The very large slime creature completely misses you.
The very large slime creature attacks as you move away!
The very large slime creature hits you!!
The very large slime creature attacks as you move away!
The very large slime creature barely misses you.
Izel is recalled.
The slime creature hits Izel!!
Izel casts a spell at the slime creature.
The stone arrow hits the slime creature!
You block the very large slime creature's attack.
Aiming: Paralyse
Press: ? - help, Shift-Dir - straight line, f - very large slime creature
Aim: a very large slime creature (moderately wounded, chance to affect: 54%)
Okay, then.
Aiming: Paralyse
Press: ? - help, Shift-Dir - straight line, f - very large slime creature
Aim: a very large slime creature (moderately wounded, chance to affect: 54%)
The very large slime creature resists with significant effort.
The slime creature hits Izel!
Izel hits the slime creature with a +0 quarterstaff!
The very large slime creature hits you!!
You die...

#.# #..## #.## #.## #.†#
#R# ##'#### #.# #...#.#
#.# # #.#.#.# ####.### #
#.#.#.# ####......# #
#.#.#.#####....R....####
#.#...'@JRJ.##.........#
#.#.#.########......##.#
#...#.# #...[..##.[
##'#### #......#### #.##
#......# # #..#
####.#### ##.#####
#....# #......#
##.########
#......####R........#


You could see the friendly Izel the battlemage, a very large slime creature and
a slime creature (ally target).

Vanquished Creatures
  Snorg (D:10)
  Josephine (D:12)
  Urug (D:10)
  3 manticores
  2 gargoyles
  An unseen horror (D:6)
  A komodo dragon (D:12)
  2 unseen horror zombies (D:9)
  3 trolls
  A shadow (D:11)
  3 slime creatures (D:12)
  2 wyverns (D:9)
  A wraith (D:12)
  2 yaks (D:11)
  Eustachio (D:5)
  7 vampire mosquitoes
  2 water moccasins
  8 orc warriors
  A sky beast (D:8)
  2 centaurs
  An ogre (D:6)
  2 kobold brigands
  3 bullfrogs
  2 necrophages (D:9)
  2 gnoll sergeants (D:9)
  7 wights (D:9)
  10 killer bees
  5 howler monkeys
  2 lava snakes (D:10)
  3 hounds
  2 orc priests (D:9)
  A jelly (D:6)
  2 iguanas (D:5)
  Ijyb (D:4)
  2 sleepcaps
  3 orc wizards
  12 mummies
  3 gnolls
  10 adders
  3 river rats
  An ufetubus (D:6)
  A worm (Sewer)
  2 dart slugs
  28 orcs
  8 bats
  11 endoplasms
  8 giant cockroaches
  5 goblins
  4 hobgoblins
  7 jackals
  A quokka (D:5)
  7 ball pythons
  2 frilled lizards
  A gnoll skeleton (Ossuary)
  2 goblin skeletons (Ossuary)
  10 kobolds
  2 kobold skeletons (Ossuary)
  2 orc skeletons (Ossuary)
  8 rats
  11 rat skeletons (Ossuary)
242 creatures vanquished.

Vanquished Creatures (collateral kills)
  Gastronok (D:12)
  A two-headed ogre (D:11)
  An orc knight (Bailey)
  A cyclops (D:11)
  2 manticores (D:11)
  Joseph (D:9)
  Maurice (D:12)
  2 slime creatures (D:12)
  A shadow (D:9)
  5 wraiths
  2 yaks (D:11)
  Grum (D:9)
  A vampire (D:12)
  2 wargs (D:10)
  3 vampire mosquitoes
  2 steam dragons
  An acid dragon (D:9)
  3 water moccasins
  2 orc warriors (Bailey)
  A sky beast (D:8)
  5 black bears
  2 wolves (D:9)
  3 centaurs
  A kobold brigand (D:9)
  A bullfrog (D:9)
  A gnoll sergeant (D:9)
  2 necrophages (D:9)
  3 wights (D:9)
  5 killer bees
  A howler monkey (D:9)
  A lava snake (D:10)
  2 human zombies
  4 orc priests
  An iguana (D:7)
  4 orc wizards
  3 mummies
  3 adders
  3 gnolls
  A howler monkey zombie (D:9)
  2 river rats (Sewer)
  A shadow imp (D:5)
  3 worms
  25 orcs
  3 bats
  A hobgoblin (D:3)
  2 jackals (Sewer)
  2 quokkas (Sewer)
  6 ball pythons
  3 frilled lizards
  4 goblins
  A kobold skeleton (Ossuary)
  A kobold zombie (D:5)
  A rat (D:3)
135 creatures vanquished.

Vanquished Creatures (others)
  A centaur warrior (D:9)
  9 battlemagi
  A gnoll (D:4)
  2 spectral weapons
13 creatures vanquished.

Grand Total: 390 creatures vanquished

Notes
Turn   | Place    | Note
-------+----------+-------------------------------------------
     0 | D:1      | cforsyth the Gnoll Artificer began the quest for the Orb.
     0 | D:1      | Reached XP level 1. HP: 17/17 MP: 1/1
     1 | D:1      | Found a runed translucent door.
   179 | D:1      | Reached XP level 2. HP: 14/23 MP: 2/2
   322 | D:1      | Found a faded altar of an unknown god.
   748 | D:1      | Reached XP level 3. HP: 19/28 MP: 3/3
   963 | D:1      | Reached skill level 1 in Invocations
  1342 | D:2      | Reached skill level 1 in Short Blades
  1342 | D:2      | Reached skill level 1 in Long Blades
  1342 | D:2      | Reached skill level 1 in Axes
  1342 | D:2      | Reached skill level 1 in Maces & Flails
  1342 | D:2      | Reached skill level 1 in Polearms
  1342 | D:2      | Reached skill level 1 in Staves
  1342 | D:2      | Reached skill level 1 in Ranged Weapons
  1342 | D:2      | Reached skill level 1 in Throwing
  1342 | D:2      | Reached skill level 1 in Shields
  1342 | D:2      | Reached skill level 1 in Unarmed Combat
  1342 | D:2      | Reached skill level 1 in Spellcasting
  1353 | D:2      | Reached XP level 4. HP: 18/34 MP: 5/5
  1789 | D:2      | You fall into a shaft and drop 2 floors!
  1811 | D:4      | Reached skill level 1 in Conjurations
  1811 | D:4      | Reached skill level 1 in Hexes
  1811 | D:4      | Reached skill level 1 in Summonings
  1811 | D:4      | Reached skill level 1 in Necromancy
  1811 | D:4      | Reached skill level 1 in Translocations
  1811 | D:4      | Reached skill level 1 in Transmutations
  1811 | D:4      | Reached skill level 1 in Fire Magic
  1811 | D:4      | Reached skill level 1 in Ice Magic
  1811 | D:4      | Reached skill level 1 in Air Magic
  1811 | D:4      | Reached skill level 1 in Earth Magic
  1811 | D:4      | Reached skill level 1 in Poison Magic
  1811 | D:4      | Reached skill level 1 in Shapeshifting
  1889 | D:4      | Found a hide-covered altar of Uskayaw.
  1894 | D:4      | Found an iron altar of Okawaru.
  1894 | D:4      | Found a hazy altar of Hepliaklqana.
  1895 | D:4      | Found an opulent altar of Gozag.
  1896 | D:4      | Found a glowing silver altar of Zin.
  1901 | D:4      | Became a worshipper of Hepliaklqana the Forgotten
  1961 | D:4      | Found a staircase to the Ecumenical Temple.
  2186 | D:4      | Reached XP level 5. HP: 27/40 MP: 5/7
  2388 | D:4      | Noticed Ijyb
  2395 | D:4      | Killed Ijyb
  2641 | D:4      | Found Wucos's Assorted Antiques.
  2647 | D:4      | Bought a viscous black potion for 23 gold pieces
  2647 | D:4      | Bought a scroll labelled BEFOPS YGULYEBB for 26 gold pieces
  2647 | D:4      | Bought a scroll labelled BEFOPS YGULYEBB for 26 gold pieces
  2874 | D:3      | Reached * piety under Hepliaklqana
  2916 | D:3      | Found a glowing drain.
  2922 | D:3      | Reached XP level 6. HP: 42/42 MP: 8/8
  2938 | Sewer    | Entered a sewer
  3196 | Sewer    | Reached skill level 5 in Armour
  3931 | D:3      | Found a blossoming altar of Fedhas.
  4226 | D:5      | Entered Level 5 of the Dungeon
  4315 | D:5      | Found a sand-covered staircase.
  4327 | D:5      | Reached XP level 7. HP: 43/46 MP: 10/10
  4335 | Ossuary  | Entered an ossuary
  4374 | Ossuary  | Reached skill level 7 in Evocations
  5128 | D:5      | Noticed Eustachio
  5137 | D:5      | Killed Eustachio
  5312 | D:5      | Reached XP level 8. HP: 39/54 MP: 12/12
  5612 | D:6      | Reached ** piety under Hepliaklqana
  5613 | D:6      | Remembered your ancestor Izel as a battlemage
  6135 | D:6      | Killed an unseen horror
  6164 | D:6      | Noticed a manticore
  6171 | D:6      | Killed a manticore
  6172 | D:6      | Reached XP level 9. HP: 45/60 MP: 13/15
  6442 | D:6      | Reached skill level 5 in Fighting
  6442 | D:6      | Reached skill level 5 in Dodging
  6665 | D:6      | Found Laupimou's Antique Weapon Shoppe.
  6900 | D:7      | Reached skill level 5 in Stealth
  6908 | D:7      | Reached skill level 8 in Evocations
  6939 | D:7      | Found a flagged portal.
  6951 | Bailey   | Entered a bailey
  7155 | Bailey   | Noticed an orc knight
  7174 | Bailey   | Reached skill level 5 in Invocations
  7363 | Bailey   | Killed an orc knight
  7371 | Bailey   | Reached XP level 10. HP: 51/67 MP: 17/17
  7593 | D:7      | Identified the +6 shortbow of the Bespelled God {speed,
                  | Str+4}
  7634 | D:7      | Reached skill level 5 in Short Blades
  7634 | D:7      | Reached skill level 5 in Long Blades
  7634 | D:7      | Reached skill level 5 in Axes
  7634 | D:7      | Reached skill level 5 in Maces & Flails
  7634 | D:7      | Reached skill level 5 in Polearms
  7634 | D:7      | Reached skill level 5 in Staves
  7634 | D:7      | Reached skill level 5 in Ranged Weapons
  7634 | D:7      | Reached skill level 5 in Throwing
  7634 | D:7      | Reached skill level 5 in Shields
  7634 | D:7      | Reached skill level 5 in Unarmed Combat
  7634 | D:7      | Reached skill level 5 in Spellcasting
  7715 | D:7      | Identified the +5 short sword "Tol Otha" {spect, rPois}
  7805 | D:7      | Reached *** piety under Hepliaklqana
  8186 | D:8      | Identified the ring "Banian" {rF+ Str+5}
  8591 | D:8      | Found a glowing golden altar of the Shining One.
  9085 | D:9      | Found a basalt altar of Yredelemnul.
  9154 | D:9      | Identified the +6 leather armour of Siotihuv {Rampage rF+++
                  | Dex+3 Slay-5}
  9310 | D:9      | Found a staircase to the Orcish Mines.
  9495 | D:9      | Noticed Joseph
  9505 | D:9      | Killed Joseph
  9609 | D:9      | Reached XP level 11. HP: 50/69 MP: 19/19
  9699 | D:9      | Reached skill level 9 in Evocations
  9788 | D:9      | Reached skill level 5 in Conjurations
  9788 | D:9      | Reached skill level 5 in Hexes
  9788 | D:9      | Reached skill level 5 in Summonings
  9788 | D:9      | Reached skill level 5 in Necromancy
  9788 | D:9      | Reached skill level 5 in Translocations
  9788 | D:9      | Reached skill level 5 in Transmutations
  9788 | D:9      | Reached skill level 5 in Fire Magic
  9788 | D:9      | Reached skill level 5 in Ice Magic
  9788 | D:9      | Reached skill level 5 in Air Magic
  9788 | D:9      | Reached skill level 5 in Earth Magic
  9788 | D:9      | Reached skill level 5 in Poison Magic
  9788 | D:9      | Reached skill level 5 in Shapeshifting
  9933 | D:9      | Identified the +1 ring mail of Zeateare {Will+ Str+2 Int+3
                  | Dex-2}
 10024 | D:9      | Noticed Grum
 10038 | D:9      | Killed Grum
 10224 | D:9      | Noticed a manticore
 10494 | D:9      | Killed a manticore
 10787 | D:9      | Noticed a centaur warrior
 11154 | D:10     | Entered Level 10 of the Dungeon
 11167 | D:10     | Noticed Snorg
 11423 | D:10     | Killed Snorg
 11584 | D:10     | Found an ornate altar of the Wu Jian Council.
 11613 | D:10     | Noticed Urug
 11802 | D:10     | Killed Urug
 11861 | D:10     | Found a staircase to the Lair.
 11994 | D:11     | Noticed a manticore
 12001 | D:11     | Killed a manticore
 12002 | D:11     | Reached XP level 12. HP: 61/81 MP: 22/22
 12056 | D:11     | Reached **** piety under Hepliaklqana
 12153 | D:11     | Found Zong's Distillery.
 12302 | D:11     | Noticed a two-headed ogre
 12314 | D:11     | Killed a two-headed ogre
 12719 | D:11     | Found a sacrificial altar of Ru.
 12996 | D:12     | Noticed Maurice
 13002 | D:12     | Killed Maurice
 13003 | D:12     | Reached skill level 10 in Evocations
 13012 | D:12     | Noticed Josephine
 13019 | D:12     | Noticed Gastronok
 13028 | D:12     | Killed Josephine
 13225 | D:12     | Killed Gastronok
 13272 | D:12     | Noticed a two-headed ogre
 13311 | D:12     | Noticed a two-headed ogre
 13763 | D:12     | Slain by a very large slime creature

Illustrated notes

Levels and vault maps discovered:
D:1:      dpeg_arrival_caged_fury, layout_rooms, shapermc_ecumenical_altar_gd,
          palyth_stone_intersect, item_on_display_b
D:2:      layout_rooms, kennysheep_generic_room_12
D:3:      layout_rooms, mainiacjoe_overflow_small_starburst,
          portal_sewer_entry_b
D:4:      layout_basic, grunt_temple_overflow_open, minmay_temple_entry_wispy,
          serial_shops, shop, grunt_ministairs_8, nicolae_elevator_lobby_plus,
          uniq_ijyb
D:5:      layout_basic, enter_ossuary_3, uniq_eustachio
D:6:      minmay_chambers_of_sixes, layout_loops_corners, serial_shops, shop,
          st_stairs_11
D:7:      layout_cave_pools, enter_bailey_5
D:8:      layout_loops_ring, marbit_many_paths
D:9:      kennysheep_windowed_halls, layout_loops_ring,
          lemuel_mausoleum_altar_yredelemnul, david_orc_5, serial_rivers,
          chequers_serial_rivers_micro_a, chequers_serial_rivers_large_a,
          chequers_serial_rivers_large_b, chequers_serial_rivers_micro_d,
          uniq_grum, uniq_joseph
D:10:     layout_big_octagon, mainiacjoe_overflow_tiny_flanked,
          erik_lair_orcish_takeover, uniq_snorg, uniq_urug
D:11:     layout_loops_ring, serial_shops, kennysheep_mini,
          nicolae_ru_sacrificial_ziggurat
D:12:     layout_roguey, uniq_maurice, uniq_josephine, uniq_gastronok

Skill      XL: |  1  2  3  4  5  6  7  8  9 10 11 12 |
---------------+-------------------------------------+-----
Invocations    | 1 2 3 4 5 6 7 8 |  8.5
Short Blades   | 1 2 4 5 7 |  7.8
Long Blades    | 1 2 4 5 7 |  7.8
Axes           | 1 2 4 5 7 |  7.8
Maces & Flails | 1 2 4 5 7 |  7.8
Polearms       | 1 2 4 5 7 |  7.8
Staves         | 1 2 4 5 7 |  7.8
Ranged Weapons | 1 2 4 5 7 |  7.8
Throwing       | 1 2 4 5 7 |  7.8
Shields        | 1 2 4 5 7 |  7.8
Unarmed Combat | 1 2 4 5 7 |  7.8
Spellcasting   | 1 2 4 5 7 |  7.8
Conjurations   | 1 2 3 4 5 6 |  6.5
Hexes          | 1 2 3 4 5 6 |  6.5
Summonings     | 1 2 3 4 5 6 |  6.5
Necromancy     | 1 2 3 4 5 6 |  6.5
Translocations | 1 2 3 4 5 6 |  6.5
Transmutations | 1 2 3 4 5 6 |  6.5
Fire Magic     | 1 2 3 4 5 6 |  6.5
Ice Magic      | 1 2 3 4 5 6 |  6.5
Air Magic      | 1 2 3 4 5 6 |  6.5
Earth Magic    | 1 2 3 4 5 6 |  6.5
Poison Magic   | 1 2 3 4 5 6 |  6.5
Shapeshifting  | 1 2 3 4 5 6 |  6.5
Fighting       | 3 4 5 6 7 8 |  8.3
Dodging        | 3 4 5 6 7 8 |  8.3
Stealth        | 3 4 5 6 7 8 |  8.2
Armour         | 5 6 7 8 9 |  9.1
Evocations     | 7 8 9 10 | 10.2

Action                     |  1- 3 |  4- 6 |  7- 9 | 10-12 || total
---------------------------+-------+-------+-------+-------++-------
  Melee: Club              |   211 |    74 |       |       ||   285
         Bite              |    22 |    27 |    28 |    85 ||   162
         Punch             |     2 |     2 |     7 |       ||    11
         Flail             |       |   178 |   169 |       ||   347
         Mace              |       |       |    74 |     9 ||    83
         Short sword       |       |       |       |   632 ||   632
 Invoke: Ancestor Life: Ba |       |       |     1 |       ||     1
         Recall Ancestor   |       |       |       |     2 ||     2
  Evoke: Wand              |     1 |    11 |    10 |    15 ||    37
    Use: Scroll            |       |    16 |     1 |    10 ||    27
         Potion            |       |       |       |     1 ||     1
   Stab: Distracted        |       |     1 |     1 |    16 ||    18
         Sleeping          |       |       |       |     9 ||     9
 Armour: Leather armour    |    19 |       |       |       ||    19
         Chain mail        |   121 |   190 |       |       ||   311
         Plate armour      |       |    22 |   169 |    87 ||   278
         Ring mail         |       |       |       |    51 ||    51
         Troll leather arm |       |       |       |    56 ||    56
  Dodge: Dodged            |   139 |   108 |    83 |   222 ||   552
  Block: Kite shield       |       |       |       |   241 ||   241
         Reflection        |       |       |       |    10 ||    10

Table legend: (Time is in decaauts)
 A = Elapsed time spent in this place.
 B = Non-inter-level travel time spent in this place.
 C = Inter-level travel time spent in this place.
 D = Time resting spent in this place.
 E = Time spent auto-exploring this place.
 F = Levels seen in this place.
 G = Mean time per level.
                   A        B        C        D        E       F      G
               +--------+--------+--------+--------+--------+-----+--------+
         Total |  14096 |  13649 |    447 |    626 |   9328 |  15 |  939.7 |
       Dungeon |  11767 |  11320 |    447 |    508 |   7792 |  12 |  980.6 |
         Sewer |    914 |    914 |      0 |      0 |    636 |   1 |  914.0 |
       Ossuary |    771 |    771 |      0 |      0 |    571 |   1 |  771.0 |
        Bailey |    643 |    643 |      0 |    118 |    328 |   1 |  643.0 |
               +--------+--------+--------+--------+--------+-----+--------+

Top non-repeatable levels by time:
     D:9: 2528 daAuts
     D:6: 1385 daAuts
     D:1: 1282 daAuts
     D:4: 1158 daAuts
    D:11: 1011 daAuts
   Sewer: 914 daAuts
     D:8: 772 daAuts
 Ossuary: 771 daAuts
    D:12: 739 daAuts
  Bailey: 643 daAuts
    D:10: 631 daAuts
     D:3: 596 daAuts
     D:2: 576 daAuts
     D:5: 560 daAuts
     D:7: 524 daAuts
